 Dungeon Crawl Stone Soup version 0.21-a0-270-g8204059 (webtiles) character file.

391 motkurip the Insei (level 6, -1/48 HPs)
             Began as a Demonspawn Monk on Sept 14, 2017.
             Slain by an ogre
             ... wielding a +0 giant spiked club
              (17 damage)
             ... on level 4 of the Dungeon.
             The game lasted 00:10:50 (2334 turns).

motkurip the Insei (Demonspawn Monk)                Turns: 2334, Time: 00:10:51

Health: -1/48      AC:  7    Str: 13    XL:     6   Next: 50%
Magic:  6/6        EV: 10    Int: 12    God:
Gold:   172        SH:  0    Dex: 15    Spells: 5/5 levels left

rFire    . . .     SeeInvis .     - Unarmed
rCold    . . .     Gourm    .   (no shield)
rNeg     . . .     Faith    .   k - +0 scale mail
rPois    +         Spirit   .   (helmet restricted)
rElec    .         Reflect  .   t - +0 cloak
rCorr    .         Harm     .   (no gloves)
MR       .....     Rnd*Tele +   (no boots)
Stlth    +.........             c - amulet of magic regeneration
HPRegen  0.16/turn              h - ring of teleportation (curse)
MPRegen  0.35/turn              q - ring of poison resistance

@: no status effects
A: antennae 2, demonic guardian 1
a: no special abilities


You were on level 4 of the Dungeon.
You were hungry.

You visited 1 branch of the dungeon, and saw 5 of its levels.

You collected 172 gold pieces.

Inventory:

Missiles
 f - 44 stones (quivered)
Armour
 d - a +0 leather armour
 k - a +0 scale mail (worn)
 t - a +0 cloak (worn)
Jewellery
 c - an amulet of magic regeneration (around neck)
 h - a cursed ring of teleportation (left hand)
 q - a ring of poison resistance (right hand)
 v - a +5 ring of dexterity {unknown}
Scrolls
 e - a scroll of enchant armour
 g - 3 scrolls of teleportation
 j - a scroll of immolation
 r - a scroll of identify
Potions
 i - a potion of mutation {unknown}
 l - a potion of haste {unknown}
 m - a potion of heal wounds
 n - 2 potions of curing
 o - 2 potions of cancellation {unknown}
 s - a potion of flight {unknown}
Comestibles
 a - 3 royal jellies
 b - 5 bread rations
 p - a fruit


   Skills:
 + Level 4.2 Fighting
 + Level 2.6 Armour
 - Level 3.0 Dodging
 - Level 1.7 Stealth
 * Level 5.2 Unarmed Combat


You had 5 spell levels left.
You didn't know any spells.

Dungeon Overview and Level Annotations

Branches:
Dungeon (5/15)
 Temple: D:4-7

Altars:
Dithmenos
Sif Muna
Wu Jian


Innate Abilities, Weirdness & Mutations

You have a pair of antennae on your head.
A weak demonic guardian rushes to your aid.


Message History

The orc barely misses your ufetubus.
The ogre hits you with a giant spiked club!
* * * LOW HITPOINT WARNING * * *
Your ufetubus completely misses the orc.
Your ufetubus hits the orc. The orc closely misses your ufetubus.
The orc hits your ufetubus but does no damage.
Your ufetubus closely misses the orc.
Your ufetubus hits the orc.
You climb upwards.
There is a stone staircase leading down here.
The ogre misses you.
Your ufetubus hits the ogre. x2
Your ufetubus hits the ogre but does no damage.
Your ufetubus barely misses the ogre.
Your shadow imp gestures at the ogre.
The ogre struggles to resist.
Your ufetubus hits the ogre.
Your ufetubus barely misses the ogre.
You hit the ogre.
The ogre is moderately wounded.
The ogre hits you with a giant spiked club!
You die...

#....#.......###........
####....#..................
#..........................
#......(..................#
#..................###....#
##.....#...5.#.............#
#......#...5...............#
#..........O...#############
#..........@..##
#.............###
######.....[....#
####........##.#
###.......##..# ..
#....#####....######## ..
#....#...#....##.....###....
#.............##.......#....
#...##........#........#....


You could see an ogre, a friendly shadow imp and a friendly ufetubus.

Vanquished Creatures
  An ogre (D:4)
  A hound (D:4)
  Terence (D:2)
  Jessica (D:3)
  An iguana (D:4)
  Robin (D:3)
  5 worms
  A dart slug (D:1)
  8 leopard geckos
  An orc (D:4)
  2 ball pythons (D:3)
  4 bats
  5 giant cockroaches
  14 goblins
  7 hobgoblins
  3 jackals (D:3)
  A quokka (D:3)
  4 frilled lizards
  7 kobolds
  9 rats
77 creatures vanquished.

Vanquished Creatures (collateral kills)
  Edmund (D:4)
  A scorpion (D:4)
  A worker ant (D:4)
3 creatures vanquished.

Grand Total: 80 creatures vanquished

Notes
Turn   | Place    | Note
-------+----------+-------------------------------------------
     0 | D:1      | motkurip the Demonspawn Monk began the quest for the Orb.
     0 | D:1      | Reached XP level 1. HP: 18/18 MP: 1/1
   156 | D:1      | Reached skill level 3 in Unarmed Combat
   169 | D:1      | Gained mutation: You have a pair of small antennae on your head. [demonic ancestry]
   169 | D:1      | Reached XP level 2. HP: 16/24 MP: 2/2
   467 | D:2      | Reached XP level 3. HP: 28/29 MP: 3/3
   537 | D:2      | Found a faded altar of an unknown god.
   654 | D:3      | Noticed Jessica
   668 | D:3      | Killed Jessica
   668 | D:3      | Reached skill level 1 in Armour
   799 | D:2      | Reached XP level 4. HP: 9/35 MP: 4/4
   871 | D:2      | Noticed Terence
  1088 | D:2      | Killed Terence
  1088 | D:2      | Reached skill level 4 in Unarmed Combat
  1486 | D:3      | Noticed Robin
  1531 | D:3      | Killed Robin
  1531 | D:3      | Gained mutation: A weak demonic guardian rushes to your aid. [demonic ancestry]
  1531 | D:3      | Reached XP level 5. HP: 22/41 MP: 5/5
  1596 | D:3      | Found a deep blue altar of Sif Muna.
  1798 | D:4      | Noticed Edmund
  1909 | D:4      | Killed Edmund
  1909 | D:4      | Gained mutation: You have a pair of antennae on your head. [demonic ancestry]
  1909 | D:4      | Reached XP level 6. HP: 22/48 MP: 6/6
  1985 | D:4      | Reached skill level 5 in Unarmed Combat
  2257 | D:4      | Found a shadowy altar of Dithmenos.
  2257 | D:4      | Found an ornate altar of the Wu Jian Council.
  2317 | D:5      | Entered Level 5 of the Dungeon
  2334 | D:4      | Slain by an ogre

Vault maps used:
D:1:      dpeg_arrival_tiny_b
D:2:      lemuel_coloured_pillars_altar, chequers_ecumenical_altar_simple,
          first_bread, uniq_terence
D:3:      nicolae_overflow_crystal_walls, uniq_jessica, uniq_robin
D:4:      marbit_many_paths, gammafunk_temple_overflow_wave, uniq_edmund
D:5:      minmay_temple_entry_trees, enter_ossuary_4, nrook_uturn

Skill      XL: |  1  2  3  4  5  6 |
---------------+-------------------+-----
Unarmed Combat | 3 4 5 |  5.2
Dodging        | 3 |  3.0
Armour         | 1 2 |  2.6
Fighting       | 4 |  4.2
Stealth        | |  1.7

Action                   |  1- 3 |  4- 6 || total
-------------------------+-------+-------++-------
Melee: Unarmed           |   114 |   212 ||   326
       Punch             |     2 |     3 ||     5
  Use: Scroll            |     4 |     1 ||     5
       Potion            |     1 |     1 ||     2
 Stab: Sleeping          |     5 |       ||     5
  Eat: Royal jelly       |       |     1 ||     1
       Chunk             |       |     2 ||     2
Armor: Robe              |     6 |       ||     6
       Leather armour    |    12 |     3 ||    15
       Skin              |     2 |       ||     2
       Scale mail        |       |    59 ||    59
Dodge: Dodged            |    74 |   104 ||   178

Table legend:
 A = Spawn XP
 B = Non-spawn XP
 C = Spawn XP percentage of total XP
 D = Spawn monster count
 E = Non-spawn monster count
 F = Spawn count percentage of total count
 G = Total turns spent on level
                    A         B        C        D         E        F      G
               +---------+---------+-------+---------+---------+-------+---------
         Total |       0 |     559 |   0.0 |       0 |      80 |   0.0 |  2334
               +---------+---------+-------+---------+---------+-------+---------
           D:1 |       0 |      31 |   0.0 |       0 |      18 |   0.0 |   367
           D:2 |       0 |      77 |   0.0 |       0 |      19 |   0.0 |   739
           D:3 |       0 |     115 |   0.0 |       0 |      33 |   0.0 |   668
           D:4 |       0 |     336 |   0.0 |       0 |      10 |   0.0 |   554
               +---------+---------+-------+---------+---------+-------+---------
